 Dungeon Crawl Stone Soup version 0.29-a0-341-g24ffce5b50 (webtiles) character file.

Game seed: 10078940211665255691

43 spaghetti the Magician (level 3, 0/28 HPs)
             Began as a Naga Hedge Wizard on Apr 20, 2022.
             Slain by a goblin
             ... wielding a +0 dagger
             ... led by Robin
              (4 damage)
             ... on level 2 of the Dungeon.
             The game lasted 00:03:54 (2441 turns).

spaghetti the Magician (Naga Hedge Wizard)          Turns: 2441, Time: 00:03:55

Health: 0/28       AC:  2    Str: 12    XL:     3   Next: 58%
Magic:  4/8        EV:  9    Int: 16    God:
Gold:   103        SH:  0    Dex: 10    Spells: 4/9 levels left

rFire   . . .      SeeInvis +   a - +1 dagger {short}
rCold   . . .      Faith    .   (no shield)
rNeg    . . .      Spirit   .   b - +0 robe
rPois   +          Reflect  .   c - +0 hat
rElec   .          Harm     .   (no cloak)
rCorr   .          Rampage  .   (no gloves)
Will    .....                   (no barding)
Stlth   ++........              (no amulet)
HPRegen 0.09/turn               (no ring)
MPRegen 0.11/turn               (no ring)

@: on blink cooldown, very slow
A: AC +1, large, see invisible, deformed body, poison resistance, slowness 2,
spit poison 1, naga tail 1
a: Spit Poison


You were on level 2 of the Dungeon.
You visited 1 branch of the dungeon, and saw 2 of its levels.

You collected 103 gold pieces.


Innate Abilities, Weirdness & Mutations

Your serpentine skin is tough. (AC +1)
You have supernaturally acute eyesight. (SInv)
Armour fits poorly on your strangely shaped body.
Your system is resistant to poisons. (rPois)
You cover ground very slowly.
You can spit poison.
You have a snake-like lower body.


   Skills:
 - Level 1.5 Dodging
 - Level 3.0 Stealth
 + Level 3.9 Spellcasting
 - Level 1.0 Conjurations
 + Level 1.3 Summonings
 - Level 1.0 Translocations
 * Level 1.2 Earth Magic


You had 4 spell levels left.
You knew the following spells:

 Your Spells              Type           Power      Damage    Failure   Level
a - Magic Dart            Conj           24%        1d4       12%         1
b - Blink                 Tloc           12%        N/A       17%         2
c - Call Imp              Summ           7%         N/A       16%         2

Your spell library contained the following spells:

 Spells                   Type           Power      Damage    Failure   Level
 Slow                     Hex            12%        N/A       17%         1
 Stone Arrow              Conj/Erth      12%        3d7       32%         3
 Conjure Flame            Conj/Fire      4%         6-21      38%         3
 Mephitic Cloud           Conj/Pois/Air  4%         N/A       41%         3
 Animate Armour           Summ/Erth      14%        N/A       69%         4
 Lehudib's Crystal Spear  Conj/Erth      3%         10d2      100%        8

Inventory:

Hand Weapons
 a - a +1 dagger (weapon) {short}
Missiles
 h - 28 stones {throwing}
 l - 4 poisoned darts {throwing}
Armour
 b - a +0 robe (worn)
 c - a +0 hat (worn)
Scrolls
 f - a scroll of teleportation {@r4}
 g - a scroll of blinking {unknown}
 i - a scroll of noise {unknown}

Dungeon Overview and Level Annotations

Branches:
Dungeon (2/15)

Altars:

Annotations:
D:2 Robin

#####........
.......).... .
.......)...# # .
..........##.#. .
....:....... .
#.#..#.#.## . #.#.
#.)ยงg...... . #.#.#
#>.g)..#.## #
####.#.###...@.5...# #
#....[......#.#....#
#.#......####.#.#....#[
#.#......+.............
#........######.#.##.#.
#..................#.#
#........######.#..#
##...............#..#
........########## .#


You could see Robin (poisoned), a goblin (strong, ally target) and a friendly
crimson imp (summoned).


Message History

The magic dart hits the goblin. ๐Ÿ˜Ž MP[-1]
You lost 1 mp, and now have 2/8 mp.
Aiming: Magic Dart (safe; 12% risk of failure)
Press: ? - help, Q - select action, (/) - cycle Shift-Dir - straight line, f/p - goblin
Aim: a goblin, wielding a +0 hunting sling (severely wounded, 100% to hit)
The magic dart hits the goblin.
You kill the goblin!
You have got your breath back.
Robin of the Strong Arm comes into view.
They are wielding a +0 spear. ๐Ÿ˜Ž MP[-1]
You lost 1 mp, and now have 1/8 mp.
Aiming: Magic Dart (safe; 12% risk of failure)
Press: ? - help, Q - select action, (/) - cycle Shift-Dir - straight line, f - Robin
Aim: Robin, wielding a +0 spear, wearing a +0 animal skin and wearing a +0 helmet (100% to hit)
The magic dart hits Robin but does no damage.
Robin throws the goblin at you! ๐Ÿ˜• HP[-1]
You take 1 damage, and now have 27/28 hp.
Aiming: Magic Dart (safe; 12% risk of failure)
Press: ? - help, Q - select action, (/) - cycle Shift-Dir - straight line, f/p - Robin
Aim: Robin, wielding a +0 spear, wearing a +0 animal skin and wearing a +0 helmet (100% to hit)
You miscast Magic Dart.
Nothing appears to happen.
Robin roars a battlecry!
The goblin goes into a battle-frenzy!
The goblin closely misses you.
You hear a shout! ๐Ÿ˜• MP[-1]
You lost 1 mp, and now have 0/8 mp.
You hit the goblin.
You hear a shout!
The goblin hits you with a +0 club. ๐Ÿ˜ฎ HP[-6]
You take 6 damage, and now have 21/28 hp.
MASSIVE DAMAGE!! (PAUSE)
You barely miss the goblin.
A goblin comes into view. It is wielding a +0 club.
The goblin hits you but does no damage.
You hit the goblin.
You kill the goblin!
It was a potion of curing.
You feel better. ๐Ÿ˜Ž HP[+7]
Your hp is fully restored (28).
You don't have enough magic to cast this spell.
You aren't carrying any items that you can evoke.
Unknown command.
As you read the scroll labelled FIWNIAR LIABA, it crumbles to dust.
It is a scroll of enchant weapon.
Your +0 dagger {short} glows red for a moment.
A goblin comes into view. It is wielding a +0 dagger.
As you read the scroll labelled JAUNUN BOSCHOVO, it crumbles to dust.
It is a scroll of identify.
f - a scroll of teleportation Robin barely misses you.
Aiming: Spit Poison (2% risk of failure)
Press: ? - help, Shift-Dir - straight line, f/p - Robin
Aim: Robin, wielding a +0 spear, wearing a +0 animal skin and wearing a +0 helmet (70% to hit)
The splash of poison hits Robin but does no damage.
Robin is poisoned.
Robin throws the goblin at you!
Your magical contamination has completely faded away. ๐Ÿ˜• HP[-1]
You take 1 damage, and now have 27/28 hp.
You hit the goblin but do no damage. The goblin hits you with a +0 club.
Robin closely misses you. ๐Ÿ˜• HP[-1] MP[+1]
You take 1 damage, and now have 26/28 hp.
You hit the goblin.
You have got your breath back.
Robin throws the goblin at you!
The goblin hits you with a +0 club. ๐Ÿ˜ฎ HP[-8]
You take 8 damage, and now have 18/28 hp.
MASSIVE DAMAGE!! (PAUSE)
You hit the goblin.
You kill the goblin!
The goblin hits you with a +0 dagger.
Robin hits you from afar with a +0 spear.
* * * LOW HITPOINT WARNING * * *
๐Ÿ˜จ HP[-6]
You take 6 damage, and now have 12/28 hp.
MASSIVE DAMAGE!! (PAUSE) Magic courses through your body.
The goblin hits you with a +0 dagger.
* * * LOW HITPOINT WARNING * * *
Robin hits you from afar with a +0 spear.
* * * LOW HITPOINT WARNING * * *
๐Ÿ˜ฑ HP[-8] MP[+7]
You take 8 damage, and now have 4/28 hp.
MASSIVE DAMAGE!! (PAUSE)
Your mp is fully restored (8).
Casting: Magic Dart (safe; 12% risk of failure)
Confirm with . or Enter, or press ? or * to list all spells.
You blink.
The goblin closely misses you. ๐Ÿ˜ฑ MP[-2]
You lost 2 mp, and now have 6/8 mp.
Casting: Blink (safe; 17% risk of failure)
Confirm with . or Enter, or press ? or * to list all spells.
A beastly little devil appears in a puff of flame.
The goblin hits you with a +0 dagger.
You die...

Skill      XL: |  1  2  3 |
---------------+----------+-----
Earth Magic    | 1 |  1.2
Dodging        | |  1.5
Stealth        | |  3.0
Spellcasting   | |  3.9
Conjurations   | |  1.0
Summonings     | |  1.3
Translocations | |  1.0

Action                   || total
-------------------------++-------
Melee: Dagger            ||    31
 Cast: Magic Dart        ||    82
       Blink             ||     2
       Call Imp          ||     2
 Abil: Spit Poison       ||    10
  Use: Potion            ||     4
       Scroll            ||     2
 Stab: Distracted        ||     1
Armor: Robe              ||    12
Dodge: Dodged            ||    29

Levels and vault maps discovered:
D:1:      dpeg_arrival_connections, layout_loops_corners, serial_bayou_lagoon_a,
          columned_hall_lemuel, serial_bayou_pond_a
D:2:      layout_basic, dreamdust_ecumenical_altar_angels_and_demons,
          grunt_ministairs_2, minmay_crystal_water, uniq_crazy_yiuf_cottage,
          uniq_sigmund, uniq_robin

Notes
Turn   | Place    | Note
-------+----------+-------------------------------------------
     0 | D:1      | spaghetti the Naga Hedge Wizard began the quest for the
                  | Orb.
     0 | D:1      | Reached XP level 1. HP: 15/15 MP: 4/4
     0 | D:1      | magus.rc [v1.9.6]
   201 | D:1      | HP: 3/15 [frozen (5)]
   646 | D:1      | Reached XP level 2. HP: 22/22 MP: 0/6
  1378 | D:1      | You pick up a book of Armaments and begin reading...
  1378 | D:1      | You add the spells Stone Arrow, Animate Armour and
                  | Lehudib's Crystal Spear to your library.
  1671 | D:1      | Learned a level 2 spell: Blink
  1741 | D:2      | Learned a level 2 spell: Call Imp
  1784 | D:2      | Reached XP level 3. HP: 17/28 MP: 1/8
  2359 | D:2      | Found a faded altar of an unknown god.
  2410 | D:2      | Reached skill level 1 in Earth Magic
  2426 | D:2      | Noticed Robin
  2439 | D:2      | HP: 7/28 [goblin/+0 dagger[Robin] (5)]
  2441 | D:2      | Slain by a goblin

Vanquished Creatures
  A worm (D:2)
  A dart slug (D:1)
  3 bats
  6 endoplasms
  2 giant cockroaches (D:1)
  7 goblins
  2 hobgoblins
  3 jackals (D:2)
  A kobold (D:1)
  A quokka (D:1)
  A ball python (D:1)
  A frilled lizard (D:2)
  A rat (D:1)
30 creatures vanquished.

Vanquished Creatures (collateral kills)
  A jackal (D:2)
1 creature vanquished.

Grand Total: 31 creatures vanquished

Table legend:
 A = Non-vault XP
 B = Vault XP
 C = Vault XP percentage of total XP
 D = Non-vault monster count
 E = Vault monster count
 F = Vault count percentage of total count
                 A         B        C        D         E       F
            +---------+---------+-------+---------+---------+-------
      Total |      51 |      11 |  17.7 |      25 |       6 |  19.4
            +---------+---------+-------+---------+---------+-------
        D:1 |      28 |       0 |   0.0 |      14 |       0 |   0.0
        D:2 |      23 |      11 |  32.4 |      11 |       6 |  35.3
            +---------+---------+-------+---------+---------+-------

Illustrated notes

Table legend:
 A = Kills in this place as a percentage of kills in entire the game.
 B = Kills by you in this place as a percentage of kills by you in the entire game.
 C = Kills by friends in this place as a percentage of kills by friends in the entire game.
 D = Other kills in this place as a percentage of other kills in the entire game.
 E = Experience gained in this place as a percentage of experience gained in the entire game.
 F = Experience gained in this place divided by the number of levels of this place that you have seen.
                   A       B       C       D       E      F
               +-------+-------+-------+-------+-------+----------------------
         Total | 100.0 | 100.0 | 100.0 |   N/A | 100.0 |  31.0
       Dungeon | 100.0 | 100.0 | 100.0 |   N/A | 100.0 |  31.0
               +-------+-------+-------+-------+-------+----------------------

Table legend: (Time is in decaauts)
 A = Elapsed time spent in this place.
 B = Non-inter-level travel time spent in this place.
 C = Inter-level travel time spent in this place.
 D = Time resting spent in this place.
 E = Time spent auto-exploring this place.
 F = Levels seen in this place.
 G = Mean time per level.
                   A        B        C        D        E       F      G
               +--------+--------+--------+--------+--------+-----+--------+
         Total |   2803 |   2715 |     88 |    495 |   1994 |   2 | 1401.5 |
       Dungeon |   2803 |   2715 |     88 |    495 |   1994 |   2 | 1401.5 |
               +--------+--------+--------+--------+--------+-----+--------+

Top non-repeatable levels by time:
     D:1: 2040 daAuts
     D:2: 762 daAuts
